 Dungeon Crawl Stone Soup version 0.20.0-1-g1cb1d84 (webtiles) character file.

494 MTVSty1e the Skirmisher (level 6, -8/58 HPs)
             Began as a Minotaur Fighter on May 26, 2017.
             Mangled by a hornet (13 damage)
             ... on level 5 of the Dungeon.
             The game lasted 00:05:06 (3298 turns).

MTVSty1e the Skirmisher (Minotaur Fighter)          Turns: 3298, Time: 00:05:11

Health: -8/58      AC:  9    Str: 23    XL:     6   Next: 92%
Magic:  5/5        EV: 12    Int:  5    God:
Gold:   277        SH: 10    Dex: 14    Spells: 5/5 levels left

rFire    . . .     SeeInvis .   u - +2 hand axe (chop)
rCold    + . .     Gourm    .   c - +0 shield
rNeg     . . .     Faith    .   b - +0 scale mail
rPois    .         Spirit   .   (helmet restricted)
rElec    .         Reflect  .   (no cloak)
rCorr    .         Harm     .   (no gloves)
MR       .....                  y - +1 pair of boots
Stlth    +.........             (no amulet)
Regen    0.2/turn               w - ring of protection from cold
MPRegen  0.1/turn               (no ring)

@: agile, lethally poisoned (-8 -> -20), flying
A: retaliatory headbutt, horns 2
a: no special abilities


You were on level 5 of the Dungeon.
You were not hungry.

You visited 1 branch of the dungeon, and saw 5 of its levels.

You collected 277 gold pieces.

Inventory:

Hand Weapons
 a - a +0 war axe
 u - a +2 hand axe of chopping (weapon)
Armour
 b - a +0 scale mail (worn)
 c - a +0 shield (worn)
 y - a +1 pair of boots (worn)
Jewellery
 w - a ring of protection from cold (left hand)
Wands
 z - a wand of confusion (16/48)
 B - a wand of polymorph (6/24)
Scrolls
 e - 4 scrolls of immolation {unknown}
 f - a scroll of teleportation {unknown}
 h - 4 scrolls of identify {unknown}
 i - 3 scrolls of fear {unknown}
 m - 3 scrolls of amnesia {unknown}
 o - a scroll of fog {unknown}
 q - 2 scrolls of remove curse {unknown}
 s - 3 scrolls of enchant weapon {unknown}
 v - a scroll of enchant armour {unknown}
Potions
 d - a potion of agility
 g - a potion of curing
 j - a potion of invisibility {unknown}
 k - a potion of flight
 n - a potion of brilliance {unknown}
 t - 2 potions of heal wounds {unknown}
 x - 3 potions of berserk rage {unknown}
 A - 2 potions of ambrosia {unknown}
 C - a potion of cancellation {unknown}
Books
 l - a book of Cantrips

   Spells                             Type                      Level
   a - Confusing Touch                Hexes                        1
   b - Animate Skeleton               Necromancy                   1
   c - Summon Small Mammal            Summoning                    1
   d - Apportation                    Translocation                1
Comestibles
 p - a meat ration
 r - 2 fruits


   Skills:
 * Level 6.8 Fighting
 * Level 5.4 Axes
 + Level 5.2 Armour
 - Level 4.0 Shields


You had 5 spell levels left.
You didn't know any spells.

Dungeon Overview and Level Annotations

Branches:
Dungeon (5/15)
 Temple: D:4-7

Altars:
Nemelex Xobeh


Innate Abilities, Weirdness & Mutations

You reflexively headbutt those who attack you in melee.
You have a pair of horns on your head.


Message History

You closely miss the hornet.
The hornet is almost dead.
You block the hornet's attack. The hornet barely misses you.
You closely miss the hornet. Your headbutt misses the hornet.
The hornet is almost dead.
You feel sick. You block the hornet's attack.
You closely miss the hornet.
You headbutt the hornet, but do no damage.
The hornet is almost dead.
You block the hornet's attack. The hornet stings you!
* * * LOW HITPOINT WARNING * * *
You are lethally poisoned!
You feel yourself slow down.
You closely miss the hornet. You headbutt the hornet.
The hornet is almost dead.
You feel yourself speed up.
* * * LOW HITPOINT WARNING * * *
You feel very sick. The hornet stings you!
You die...

###
#.#
#<#
#.#
#.#
#@#
#y#
...
....+
#....#
#....#
#....#
#....#


You could see a hornet.

Vanquished Creatures
  An ogre (D:4)
  An orc wizard (D:4)
  2 orc priests (D:3)
  A hound (D:4)
  Natasha (twice) (D:3)
  3 worker ants (D:4)
  9 adders
  An ooze (D:4)
  A worm (D:2)
  2 dart slugs
  2 leopard geckos (D:4)
  8 orcs
  4 ball pythons
  6 giant cockroaches
  6 goblins
  5 hobgoblins
  3 jackals (D:2)
  6 kobolds
  A quokka (D:4)
  A ball python skeleton (D:4)
  9 bats
  2 frilled lizards
  6 rats
82 creatures vanquished.

Notes
Turn   | Place    | Note
-------+----------+-------------------------------------------
     0 | D:1      | MTVSty1e the Minotaur Fighter began the quest for the Orb.
     0 | D:1      | Reached XP level 1. HP: 19/19 MP: 0/0
   201 | D:1      | Reached skill level 4 in Fighting
   202 | D:1      | Reached XP level 2. HP: 24/27 MP: 1/1
   903 | D:2      | Reached XP level 3. HP: 33/34 MP: 2/2
  1307 | D:2      | Reached XP level 4. HP: 41/41 MP: 3/3
  1662 | D:3      | Reached skill level 5 in Fighting
  2349 | D:3      | Noticed Natasha
  2356 | D:3      | Killed Natasha
  2487 | D:3      | Reached XP level 5. HP: 48/48 MP: 4/4
  2613 | D:3      | Noticed Natasha
  2621 | D:3      | Killed Natasha
  2676 | D:4      | Noticed an ogre
  2682 | D:4      | Killed an ogre
  2682 | D:4      | Reached skill level 6 in Fighting
  2682 | D:4      | Reached skill level 5 in Armour
  2682 | D:4      | Reached XP level 6. HP: 57/57 MP: 5/5
  2885 | D:4      | Reached skill level 5 in Axes
  3199 | D:4      | Found a sparkling altar of Nemelex Xobeh.
  3277 | D:5      | Entered Level 5 of the Dungeon
  3281 | D:5      | Noticed a hornet
  3282 | D:5      | Paralysed by a hornet for 2 turns
  3298 | D:5      | Mangled by a hornet

Skill      XL: |  1  2  3  4  5  6 |
---------------+-------------------+-----
Fighting       | 4 5 6 |  6.8
Armour         | 4 5 |  5.2
Axes           | 3 4 5 |  5.4
Shields        | 4 |  4.0

Action                   |  1- 3 |  4- 6 || total
-------------------------+-------+-------++-------
Melee: War axe           |    92 |       ||    92
       Headbutt          |    12 |    21 ||    33
       Hand axe          |       |   114 ||   114
  Use: Potion            |       |     5 ||     5
  Eat: Bread ration      |     1 |     1 ||     2
       Fruit             |       |     1 ||     1
Armor: Scale mail        |    50 |    30 ||    80
Dodge: Dodged            |    21 |    30 ||    51
Block: Shield            |    52 |    62 ||   114
